 Dungeon Crawl Stone Soup version 0.29-a0-334-gb41bcbb86e (webtiles) character file.

Game seed: 15021168891823909535

7701 siradein the Fighter (level 11, -2/99 HPs)
             Began as a Hill Orc Monk on Apr 13, 2022.
             Was a Priest of Beogh.
             Killed from afar by Lodul (28 damage)
             ... with a bolt of lightning
             ... on level 11 of the Dungeon.
             The game lasted 00:40:25 (14355 turns).

siradein the Fighter (Hill Orc Monk)               Turns: 14355, Time: 00:40:25

Health: -2/99      AC: 23    Str: 19    XL:     11   Next: 19%
Magic:  4/14       EV:  4    Int: 10    God:    Beogh [***...]
Gold:   539        SH:  6    Dex: 13    Spells: 10/10 levels left

rFire   + . .      SeeInvis +   A - +1 flail
rCold   + . .      Faith    .   t - +0 buckler
rNeg    . . .      Spirit   .   m - +0 gold dragon scales
rPois   +          Reflect  .   s - +0 helmet
rElec   .          Harm     .   (no cloak)
rCorr   .          Rampage  .   (no gloves)
Will    .....                   j - +0 pair of boots
Stlth   ..........              (no amulet)
HPRegen 0.26/turn               r - +4 ring of protection
MPRegen 0.14/turn               F - ring of see invisible

@: no status effects
A: no striking features
a: Renounce Religion, Smiting


You were on level 11 of the Dungeon.
You worshipped Beogh.
Beogh was most pleased with you.
You visited 1 branch of the dungeon, and saw 11 of its levels.

You collected 539 gold pieces.

Inventory:

Hand Weapons
 A - a +1 flail (weapon)
Missiles
 k - 54 poisoned darts
 u - 2 throwing nets
Armour
 j - a +0 pair of boots (worn)
 m - +0 gold dragon scales (worn)
 s - a +0 helmet (worn)
 t - a +0 buckler (worn)
 y - the +2 ring mail "Gaonig" {rF- rN+++ Regen+ Int-4}
   (You found it on level 5 of the Dungeon)

   Int:       It affects your intelligence (-4).
   rF:        It makes you vulnerable to fire.
   rN:        It renders you almost immune to negative energy.
   Regen:     It increases your rate of health regeneration.
Jewellery
 p - a ring of ice
 r - a +4 ring of protection (left hand)
 F - a ring of see invisible (right hand)
Wands
 G - a wand of paralysis (5)
Scrolls
 b - 8 scrolls of teleportation
 e - 2 scrolls of summoning
 f - 2 scrolls of silence
 o - 2 scrolls of enchant armour {unknown}
 q - 2 scrolls of magic mapping {unknown}
 v - a scroll of fog {unknown}
 w - 2 scrolls of enchant weapon
 z - 3 scrolls of blinking
 C - a scroll of amnesia {unknown}
 H - a scroll of acquirement {unknown}
Potions
 a - a potion of resistance {unknown}
 c - a potion of ambrosia
 d - 5 potions of heal wounds
 g - 3 potions of brilliance {unknown}
 h - 5 potions of lignification {unknown}
 i - 2 potions of mutation {unknown}
 l - a potion of cancellation {unknown}
 n - 5 potions of curing {unknown}
 x - 2 potions of might
 B - 2 potions of attraction {unknown}
 D - 3 potions of flight {unknown}
 E - 3 potions of magic {unknown}
 I - a potion of degeneration {unknown}


   Skills:
 + Level 9.7 Fighting
 + Level 8.9 Maces & Flails
 + Level 8.1 Armour
 + Level 6.7 Dodging
 - Level 1.5 Stealth
 + Level 7.5 Shields
 + Level 5.0 Invocations


You had 10 spell levels left.
You didn't know any spells.
Your spell library contained the following spells:

 Spells                   Type           Power      Damage    Failure   Level
 Foxfire                  Conj/Fire      0%         2x1d4     100%        1
 Magic Dart               Conj           0%         1d3       100%        1
 Pain                     Necr           0%         1d4       100%        1
 Call Imp                 Summ           0%         N/A       100%        2
 Scorch                   Fire           0%         2d5       100%        2
 Conjure Flame            Conj/Fire      0%         6-21      100%        3
 Ignite Poison            Fire/Tmut/Pois 0%         N/A       100%        3
 Inner Flame              Hex/Fire       0%         N/A       100%        3
 Mephitic Cloud           Conj/Pois/Air  0%         N/A       100%        3
 Cause Fear               Hex            0%         N/A       100%        4
 Flame Wave               Conj/Fire      0%         2d4       100%        4
 Sticky Flame             Conj/Fire      0%         2d3       100%        4
 Agony                    Necr           0%         N/A       100%        5
 Excruciating Wounds      Necr           0%         N/A       100%        5
 Freezing Cloud           Conj/Ice/Air   0%         6-21      100%        5
 Simulacrum               Ice/Necr       0%         N/A       100%        6
 Summon Cactus Giant      Summ           0%         N/A       100%        6
 Dragon Form              Tmut           0%         N/A       100%        7
 Dragon's Call            Summ           0%         N/A       100%        9
 Polar Vortex             Ice            0%         N/A       100%        9


Dungeon Overview and Level Annotations

Branches:
Dungeon (11/15)            Temple (0/1) D:6            Lair (0/6) D:10
    Orc (0/2) D:9

Altars:
Hepliaklqana
Sif Muna
Xom

Annotations:
D:11 Lodul


Message History

Your orcs go into a battle-frenzy!
An ogre comes into view. It is wielding a +0 giant spiked club.
The two-headed ogre hits you but does no damage.
The two-headed ogre hits you with a +0 giant club!
You are too injured to fight recklessly!
Unknown command.
You hit the two-headed ogre but do no damage.
The two-headed ogre is almost dead.
You barely miss the two-headed ogre.
The two-headed ogre is almost dead.
You block the two-headed ogre's attack.
The two-headed ogre hits you but does no damage.
A two-headed ogre comes into view. It is wielding two +0 giant clubs.
You closely miss the two-headed ogre.
The two-headed ogre is almost dead.
Unknown command.
You hit the two-headed ogre.
The two-headed ogre is almost dead.
You block the two-headed ogre's attack. x2
You hit the two-headed ogre.
The two-headed ogre is almost dead.
The two-headed ogre hits you with a +0 giant club!!
* * * LOW HITPOINT WARNING * * *
The two-headed ogre hits you but does no damage.
Unknown command.
Unknown command.
You hit the two-headed ogre but do no damage.
The two-headed ogre is almost dead.
A two-headed ogre comes into view.
It is wielding two +0 giant spiked clubs.
Unknown command.
Unknown command.
You sock the two-headed ogre!
You kill the two-headed ogre!
Beogh accepts your kill.
Your orc warrior looks more experienced.
Your orc wizard looks more experienced.
A two-headed ogre comes into view.
It is wielding a +0 giant spiked club and a +0 giant club.
Electricity crackles from Lodul's apparatus.
The bolt of lightning hits you!!
You die...

............#######.#
..................#.#
####...##o##.#.#..####
#..##.o...........#
#..##..##.#.#..##.#
#..##..###...#.##.#
#.o##..# ##(##.##.#
#oo##..# #........
##@##>.# ####.##.#
#O##..# #.##.# #.##..#
#.##.# #O##... #.##.#


OO. #.##.# O.# .....# O.# ...... #.#. #.#### You could see Lodul, 3 two-headed
ogres, 2 ogres, the friendly Bogmar the orc knight, a friendly orc warrior
(strong) and a friendly orc wizard (strong).

Vanquished Creatures
  3 two-headed ogres
  Maggie (D:7)
  A troll (D:10)
  3 yaks (D:9)
  A wraith (D:10)
  A steam dragon (D:7)
  4 orc warriors
  A sky beast (D:7)
  A black bear (D:7)
  4 ice beasts
  An ogre (D:5)
  A phantom (D:6)
  A bullfrog (D:5)
  4 kobold brigands
  A necrophage (D:5)
  2 gnoll sergeants
  6 scorpions
  9 wights
  3 electric eels (D:10)
  2 howler monkeys
  A jelly (D:3)
  2 orc priests
  A hound (D:10)
  A gnoll shaman (D:7)
  4 iguanas
  5 orc wizards
  13 gnolls
  6 adders
  A white imp (D:7)
  An ufetubus (D:7)
  3 worms
  2 dart slugs
  13 orcs
  4 bats
  9 endoplasms
  A giant cockroach (D:4)
  15 goblins
  11 hobgoblins
  4 jackals (D:1)
  7 quokkas
  14 ball pythons
  5 frilled lizards
  35 kobolds
  4 rats
212 creatures vanquished.

Vanquished Creatures (collateral kills)
  3 two-headed ogres
  A shadow (D:10)
  A wyvern (D:9)
  An acid dragon (D:8)
  A water moccasin (D:9)
  3 wolves (D:10)
  A centaur (D:8)
  A kobold brigand (D:10)
  A bullfrog (D:9)
  4 howler monkeys
  4 hounds (D:10)
  An orc priest (D:8)
  2 orc wizards
  2 gnolls (D:8)
  2 orcs (D:9)
  A kobold (D:10)
29 creatures vanquished.

Vanquished Creatures (others)
  An orc priest (D:6)
  2 orc wizards (D:6)
  A gnoll (D:6)
  A white imp (D:6)
  8 orcs
  4 plants (D:6)
17 creatures vanquished.

Grand Total: 258 creatures vanquished

Notes
Turn   | Place    | Note
-------+----------+-------------------------------------------
     0 | D:1      | siradein the Hill Orc Monk began the quest for the Orb.
     0 | D:1      | Reached XP level 1. HP: 19/19 MP: 1/1
   298 | D:1      | Reached XP level 2. HP: 27/27 MP: 2/2
   675 | D:1      | Reached skill level 1 in Armour
   884 | D:1      | Reached skill level 4 in Fighting
   885 | D:1      | Reached XP level 3. HP: 31/33 MP: 3/3
  1974 | D:2      | Found a hazy altar of Hepliaklqana.
  2224 | D:2      | Reached XP level 4. HP: 38/40 MP: 4/4
  3786 | D:3      | Reached XP level 5. HP: 46/47 MP: 5/5
  4736 | D:4      | Found a shimmering blue altar of Sif Muna.
  4886 | D:4      | Reached XP level 6. HP: 54/55 MP: 6/6
  4903 | D:4      | Reached skill level 5 in Fighting
  5531 | D:4      | Reached skill level 1 in Shields
  5816 | D:5      | Entered Level 5 of the Dungeon
  5863 | D:5      | Reached skill level 5 in Maces & Flails
  5863 | D:5      | Reached XP level 7. HP: 51/61 MP: 7/7
  6447 | D:5      | Identified the +2 ring mail "Gaonig" {rF- rN+++ Regen+
                  | Int-4}
  6823 | D:6      | Became a worshipper of Beogh the Brigand
  6823 | D:6      | Reached * piety under Beogh
  6823 | D:6      | Reached ** piety under Beogh
  6844 | D:6      | Reached skill level 6 in Fighting
  6905 | D:5      | Reached XP level 8. HP: 53/70 MP: 8/8
  7020 | D:6      | Found a staircase to the Ecumenical Temple.
  7579 | D:6      | Reached skill level 5 in Armour
  7688 | D:6      | Found a shimmering altar of Xom.
  7946 | D:7      | Reached skill level 7 in Fighting
  8070 | D:7      | Reached XP level 9. HP: 79/79 MP: 9/9
  8206 | D:7      | Noticed Maggie
  8276 | D:7      | Killed Maggie
  8277 | D:7      | Reached skill level 5 in Dodging
  8599 | D:7      | Reached *** piety under Beogh
  8600 | D:7      | Reached skill level 5 in Shields
  9609 | D:7      | Reached skill level 8 in Fighting
 10052 | D:8      | Reached XP level 10. HP: 63/89 MP: 10/10
 10941 | D:8      | Reached **** piety under Beogh
 11038 | D:8      | Noticed a lindwurm
 11038 | D:8      | Noticed a lindwurm
 11073 | D:9      | Noticed a two-headed ogre
 11080 | D:9      | Killed a two-headed ogre
 11081 | D:9      | Reached skill level 1 in Invocations
 11414 | D:9      | Gained Bogmar as an ally
 11597 | D:9      | Noticed a two-headed ogre
 11600 | D:9      | Killed a two-headed ogre
 11601 | D:9      | Reached skill level 9 in Fighting
 12121 | D:9      | Found a staircase to the Orcish Mines.
 12278 | D:10     | Entered Level 10 of the Dungeon
 12746 | D:10     | Noticed a two-headed ogre
 12755 | D:10     | HP: 4/89 [two-headed ogre/+0 giant club (28)]
 12756 | D:10     | Killed a two-headed ogre
 13300 | D:10     | Reached XP level 11. HP: 97/97 MP: 14/14
 13305 | D:10     | Noticed a two-headed ogre
 13332 | D:10     | Killed a two-headed ogre
 14054 | D:10     | Found a staircase to the Lair.
 14337 | D:11     | Noticed a two-headed ogre
 14338 | D:11     | Noticed a two-headed ogre
 14339 | D:11     | Noticed Lodul
 14340 | D:11     | Killed a two-headed ogre
 14341 | D:11     | Reached skill level 5 in Invocations
 14350 | D:11     | Noticed a two-headed ogre
 14355 | D:11     | Noticed a two-headed ogre
 14355 | D:11     | Killed a two-headed ogre
 14355 | D:11     | Noticed a two-headed ogre
 14355 | D:11     | Killed from afar by Lodul

Illustrated notes

Levels and vault maps discovered:
D:1:      dpeg_arrival_lava_temple_mockup, layout_basic,
          chequers_serial_rivers_small_b, st_stairs_11,
          chequers_serial_rivers_room_a, chequers_serial_rivers_room_a
D:2:      layout_basic, basic_altar
D:3:      layout_loops_corners, guppyfry_early_orc_mine
D:4:      minmay_clustersquares, layout_rooms, led_sif_pool
D:5:      layout_rooms
D:6:      layout_loops_ring, nicolae_overflow_hidden_temple,
          minmay_temple_entry_gardened_gates
D:7:      layout_basic, uniq_maggie
D:8:      nicolae_cairo_tiling, layout_gridville, minmay_lindwurm_lava
D:9:      layout_roguey, orc_0_dummy, serial_corexii_hall,
          corexii_hall_statues_l, corexii_hall_statues_deadend
D:10:     layout_basic, erik_lair_island
D:11:     layout_loops_ring, serial_shops, nicolae_stop_n_shop_2,
          portal_ice_cave_entry_imps, kennysheep_potato, uniq_lodul

Skill      XL: |  1  2  3  4  5  6  7  8  9 10 11 |
---------------+----------------------------------+-----
Armour         | 1 2 3 4 5 6 7 8 |  8.1
Fighting       | 4 5 6 7 8 9 |  9.7
Maces & Flails | 4 5 6 7 8 |  8.9
Dodging        | 3 4 5 6 |  6.7
Shields        | 1 2 4 5 7 |  7.5
Invocations    | 4 5 |  5.0
Stealth        | |  1.5

Action                   |  1- 3 |  4- 6 |  7- 9 | 10-12 || total
-------------------------+-------+-------+-------+-------++-------
Melee: Mace              |   150 |    95 |    27 |       ||   272
       Punch             |     1 |     1 |       |       ||     2
       Long sword        |       |   190 |   146 |       ||   336
       Flail             |       |       |   337 |   230 ||   567
Throw: Dart              |       |       |     2 |       ||     2
Invok: Convert to Beogh  |       |       |     1 |       ||     1
       Recall Orcish Fol |       |       |       |     6 ||     6
       Smiting           |       |       |       |     8 ||     8
       Stop Recall       |       |       |       |     4 ||     4
  Use: Scroll            |     3 |       |     5 |     1 ||     9
 Stab: Sleeping          |     2 |       |       |       ||     2
       Distracted        |       |       |       |     3 ||     3
Armor: Robe              |    35 |       |       |       ||    35
       Gold dragon scale |    11 |   300 |   156 |   199 ||   666
       Ring mail         |       |       |   139 |       ||   139
Dodge: Dodged            |    96 |    12 |   215 |    55 ||   378
Block: Buckler           |       |    22 |   137 |    84 ||   243

Table legend: (Time is in decaauts)
 A = Elapsed time spent in this place.
 B = Non-inter-level travel time spent in this place.
 C = Inter-level travel time spent in this place.
 D = Time resting spent in this place.
 E = Time spent auto-exploring this place.
 F = Levels seen in this place.
 G = Mean time per level.
                   A        B        C        D        E       F      G
               +--------+--------+--------+--------+--------+-----+--------+
         Total |  14618 |  14338 |    280 |   2159 |   9081 |  11 | 1328.9 |
       Dungeon |  14618 |  14338 |    280 |   2159 |   9081 |  11 | 1328.9 |
               +--------+--------+--------+--------+--------+-----+--------+

Top non-repeatable levels by time:
     D:1: 1975 daAuts
     D:3: 1839 daAuts
     D:9: 1694 daAuts
    D:10: 1555 daAuts
     D:7: 1517 daAuts
     D:8: 1375 daAuts
     D:6: 1285 daAuts
     D:5: 1173 daAuts
     D:2: 1078 daAuts
     D:4: 1054 daAuts
    D:11: 69 daAuts
